Map: Pylon LE

Players

ManlyManMeat

  • Race: Zerg Zerg
  • League: Master
  • Spawn Location: 11:00

Vektor - Winner!

  • Race: Zerg Zerg
  • League: Platinum
  • Spawn Location: 5:00

VOD

Have the link to the VOD?

Description

Time

  • Played on: June 19, 2025, 7:30 a.m.
  • Length: 4:01
Show
View Real Time Build Order
Export as new Build Order

ManlyManMeat Zerg 

Build Orders: Hatch First 

Get SALT Encoding   

  12  0:00  Drone  
  13  0:12  Overlord  
  13  0:18  Drone  
  14  0:30  Drone x2  
  14  0:34  Drone  
  17  0:51  Hatchery  
  17  0:54  Drone  
  17  0:59  Drone  
  18  1:08  Extractor  
  17  1:15  Spawning Pool  
  16  1:20  Drone  
  16  1:21  Drone  
  17  1:51  Drone  
  17  1:52  Drone  
  19  2:02  Spine Crawler  
  19  2:04  Spine Crawler  
  19  2:05  Queen  
  18  2:22  Zergling x4  
  15  2:35  Drone x2  
  16  2:47  Drone  
  16  2:48  Drone x2  
  19  3:08  Drone  
  20  3:12  Baneling Nest  
  19  3:26  Zergling x2  
  20  3:32  Overlord  
Show
View Real Time Build Order
Export as new Build Order

Vektor Zerg - Winner!

Build Orders: Pool First 

Get SALT Encoding   

  12  0:18  Spawning Pool  
  11  0:23  Drone  
  11  0:26  Drone  
  13  0:31  Drone  
  14  0:40  Overlord  
  14  0:56  Extractor  
  14  1:08  Zergling x6  
  17  1:23  Queen  
  17  1:24  Extractor  
  18  1:34  Drone  
  18  1:38  Drone  
  20  1:41  Hatchery  
  20  1:47  Drone  
  20  2:09  Zergling x4  
  22  2:24  Overlord  
  22  2:28  Metabolic Boost  
  20  2:37  Zergling x4  
  20  2:42  Queen  
  23  2:46  Baneling Nest, Drone  
  23  3:09  Zergling x10  
  27  3:13  Drone  
  27  3:17  Drone  
  29  3:26  Zergling x2  
  31  3:27  Zergling x2  
  31  3:34  Baneling x2  
  31  3:39  Zergling x2  
  31  3:40  Zergling x2  
Tags
 
Matchup
ZvZ
Race
Zerg
Replay Pack
Myownreplay2
Spawn Locations
Cross Positions
Add a new tag
Caveats
  • Supply blocks, unpowered buildings, or Contaminate may cause inaccurate times.
  • Supply counts are checked every 10 seconds.